[Event "Late-Titled-Tuesday-Blitz-October-10-2023"]
[Site "Chess.com"]
[Date "2023.10.10"]
[Round "2"]
[White "Polish_fighter3000"]
[Black "Lion-Al-Messi"]
[Result "1-0"]
[WhiteElo "3052"]
[BlackElo "2636"]
[TimeControl "180+1"]
[EndTime "14:16:27 PDT"]
[Termination "Polish_fighter3000 won by resignation"]

1. c4 c5 2. g3 Nc6 3. Bg2 g6 4. Nf3 Bg7 5. O-O e5 6. Nc3 Nge7 7. a3 a5 8. Ne1 O-O 9. Nc2 d6 10. d3 Be6 11. Ne3 f5 12. Rb1 h6 13. Ned5 Kh7 14. b4 axb4 15. axb4 Bxd5 16. Nxd5 Nxd5 17. Bxd5 cxb4 18. Bd2 Ra7 19. Bxb4 Nxb4 20. Rxb4 Qc7 21. e3 Rb8 22. h4 h5 23. Qf3 Ra3 24. Qe2 b6 25.
Rfb1 Qa7 26. R4b2 Qa5 27. Kg2 Ra4 28. Rb5 Qa7 29. Qb2 Ra2 30. Qb4 f4 31. exf4 exf4 32.
Qxd6 fxg3 33. Be4 Qf7 34. Rxh5+ Kg8 35. Qxb8+ 1-0

[Event "Late-Titled-Tuesday-Blitz-October-10-2023"]
[Site "Chess.com"]
[Date "2023.10.10"]
[Round "2"]
[White "OLDTERMINATOR"]
[Black "kasparicy"]
[Result "0-1"]
[WhiteElo "1590"]
[BlackElo "2413"]
[TimeControl "180+1"]
[EndTime "14:16:27 PDT"]
[Termination "kasparicy won on time"]

1. e4 e5 2. Nf3 Nc6 3. Bc4 Bc5 4. b4 Bb6 5. a3 Nf6 6. d3 O-O 7.
Bg5 h6 8. Bh4 d6 9. Nc3 Be6 10.
Nd5 Bxd5 11. exd5 Nd4 12. c3 Nf5 13. Bg3 e4 14. dxe4 Nxe4 15. Qd3 Nfxg3 16. fxg3 Nf2 17. Qf5 Re8+ 18. Kd2 Nxh1 19. Rxh1 g6 20. Qf4 Be3+ 21.
Qxe3 Rxe3 22. Kxe3 Qf6 23. Kd3 Re8 24. Kd2 a5 25. Rf1 axb4 26. axb4 Kg7 27. Bd3 Ra8 28. Nd4 Qg5+ 29. Kc2 Qxd5 30. Rf3 Ra2+ 31. Kb1 Rxg2 32. b5 Qe5 33. Bc2 c5 34. bxc6 bxc6 35. Kb2 c5 0-1

[Event "Late-Titled-Tuesday-Blitz-October-10-2023"]
[Site "Chess.com"]
[Date "2023.10.10"]
[Round "2"]
[White "cassoulet"]
[Black "slorovel"]
[Result "1-0"]
[WhiteElo "2755"]
[BlackElo "2503"]
[TimeControl "180+1"]
[EndTime "14:16:29 PDT"]
[Termination "cassoulet won by resignation"]

1. d4 Nf6 2. Bg5 Ne4 3. Bf4 d5 4. Nd2 Nxd2 5. Qxd2 Bf5 6. Nf3 e6 7. e3 Bd6 8. Bg3 Nc6 9. Bb5 O-O 10. O-O Ne7 11. Bd3 Bg4 12. Ne5 Bxe5 13. Bxe5 Bf5 14. Be2 f6 15. Bg3 c5 16. dxc5 e5 17. c4 d4 18.
exd4 exd4 19. Bd6 Re8 20. Qxd4 Nc6 21. Qd5+ Be6 22. Qd2 b6 23. Rad1 bxc5 24. Bf3 Nd4 25. Bxa8 Qxd6 26. Bd5 Bxd5 27. cxd5 Qxd5 28. Rfe1 Rd8 29.
Qe3 h5 30. h3 Qxa2 31. b4 Rf8 32. bxc5 Nc2 33. Qe6+ Qxe6 34. Rxe6 Rc8 35. c6 Nb4 36. Rc1 a5 37. c7 Nd5 38. Rec6 Kf7 39. Rd1 Ne7 40.
Rd8 a4 41. Rxc8 Nxc8 42. Ra6 Ke7 43. Rxa4 Kd7 44. Ra5 g6 45. Ra6 Kxc7 46. Rxf6 Ne7 47. h4 Kd7 48. Kh2 Ke8 49. Kg3 Nf5+ 50. Rxf5 gxf5 51. Kf4 1-0

[Event "Late-Titled-Tuesday-Blitz-October-10-2023"]
[Site "Chess.com"]
[Date "2023.10.10"]
[Round "2"]
[White "maksimys18"]
[Black "cottage_cheese"]
[Result "1-0"]
[WhiteElo "2524"]
[BlackElo "2318"]
[TimeControl "180+1"]
[EndTime "14:16:31 PDT"]
[Termination "maksimys18 won by checkmate"]

1. d4 e5 2. dxe5 Nc6 3. Nf3 Bc5 4. Bg5 f6 5. exf6 Nxf6 6. e3 O-O 7. Bc4+ Kh8 8. O-O d6 9. Nc3 Bg4 10. Ne4 Ne5 11. Be2 Qe8 12. Nxc5 dxc5 13. Nxe5 Bxe2 14. Qxe2 Qxe5 15. Bf4 Qxb2 16. Rab1 Qxa2 17. Rxb7 Nd5 18. Be5 Rae8 19. Ba1 Rf7 20. Qh5 Nf6 21. Bxf6 gxf6 22. Rxc7 Rxc7 23. Qxe8+ Kg7 24. Qd8 Rf7 25. h4 Qxc2 26.
h5 c4 27. Rd1 Qf5 28. Rd4 c3 29. g4 c2 30. gxf5 c1=Q+ 31. Kg2 Kh6 32. Rg4 Qc6+ 33. e4 Qc2 34. Qg8 Qc4 35. Rg6+ hxg6 36. Qxg6# 1-0

[Event "Late-Titled-Tuesday-Blitz-October-10-2023"]
[Site "Chess.com"]
[Date "2023.10.10"]
[Round "2"]
[White "Zeck_CH"]
[Black "familijatop71"]
[Result "1-0"]
[WhiteElo "2445"]
[BlackElo "2150"]
[TimeControl "180+1"]
[EndTime "14:16:31 PDT"]
[Termination "Zeck_CH won by resignation"]

1. d4 Nf6 2. c4 e5 3. dxe5 Ne4 4. Bf4 Bc5 5. e3 Bb4+ 6. Nc3 Nxc3 7. bxc3 Bxc3+ 8.
Ke2 Bxa1 9. Qxa1 Qe7 10. Nf3 h6 11. h4 b5 12. cxb5 a6 13. Nd4 axb5 14. Qb2 g6 15. Nxb5 Ba6 16. Kf3 Bxb5 17. Bxb5 O-O 18. Bxh6 Re8 19. Bf4 c6 20. Bc4 d5 21. Bb3 Nd7 22. h5 g5 23. Bg3 Nxe5+ 24. Ke2 f6 25. h6 Qd6 26. Qd4 Reb8 27. Rc1 Rb4 28. Qd2 Rd8 29. Kf1 Kh8 30. Kg1 Rg4 31. Qa5 Rg8 32.
Qa7 Rxg3 33. fxg3 Ng4 34. Bd1 Qxg3 35. Bxg4 Qxg4 36. Qe7 Qf5 37. Rf1 Qh7 38. Qxf6+ Rg7 39. hxg7+ Qxg7 40. Qxg7+ 1-0

[Event "Late-Titled-Tuesday-Blitz-October-10-2023"]
[Site "Chess.com"]
[Date "2023.10.10"]
[Round "2"]
[White "EfrenRamos1"]
[Black "German_Bazeev"]
[Result "0-1"]
[WhiteElo "2403"]
[BlackElo "2808"]
[TimeControl "180+1"]
[EndTime "14:16:32 PDT"]
[Termination "German_Bazeev won by checkmate"]

1. d4 Nf6 2. Nf3 b6 3. g3 Bb7 4.
Bg2 g6 5. c4 Bg7 6. d5 O-O 7.
Nc3 a5 8. O-O Na6 9. e4 d6 10.
Nd4 Nc5 11. f4 Nfd7 12. Be3 e5 13. Nc6 Bxc6 14. dxc6 Nb8 15. Qd5 Ne6 16. Nb5 exf4 17. gxf4 Na6 18. Rad1 Nb4 19. Qd2 Nxc6 20. e5 Ne7 21. Bxa8 Qxa8 22. exd6 cxd6 23. Qg2 Qc8 24. Nxd6 Qc7 25. b3 Rd8 26. Nb5 Qb8 27. Rxd8+ Qxd8 28.
Qb7 Nf5 29. Bxb6 Qd2 30. Qa8+ Bf8 31. Rf2 Qd1+ 32. Rf1 Qd2 33. Rf2 Qc1+ 34. Rf1 Qc2 35. Rf2 Qb1+ 36. Kg2 Nh4+ 37. Kg3 Nf5+ 38. Kg2 h5 39.
Qd5 Nh4+ 40. Kg3 Qg1+ 41. Kxh4 Qg4# 0-1

[Event "Late-Titled-Tuesday-Blitz-October-10-2023"]
[Site "Chess.com"]
[Date "2023.10.10"]
[Round "2"]
[White "Zq1"]
[Black "Beca95"]
[Result "0-1"]
[WhiteElo "2547"]
[BlackElo "2837"]
[TimeControl "180+1"]
[EndTime "14:16:33 PDT"]
[Termination "Beca95 won by resignation"]

1. d4 Nf6 2. c4 e6 3. Nc3 c5 4. d5 exd5 5. cxd5 d6 6. e4 g6 7. Nf3 a6 8. a4 Bg4 9. Be2 Bxf3 10.
Bxf3 Nbd7 11. O-O Bg7 12. Re1 O-O 13. Be2 Re8 14. Bf1 h5 15. h3 Rc8 16. Bf4 Qe7 17. a5 Nh7 18. Qd2 Bd4 19. Ra4 Qf6 20. Be3 Bxe3 21.
Rxe3 g5 22. Rf3 Qg6 23. b4 Re5 24. b5 axb5 25. Bxb5 Ndf6 26. Bd3 g4 27. hxg4 hxg4 28. Rf5 Rxf5 29. exf5 Qg5 30. Qxg5+ Nxg5 31. a6 bxa6 32. Rxa6 Rd8 33. Nb5 Ne8 34. Ra7 Kg7 35. Na3 Nf6 36.
Bc4 Re8 37. Nb5 Re1+ 38. Kh2 Nge4 39. Ra2 g3+ 40. fxg3 Ng4+ 41. Kh3 Ngf2+ 42. Rxf2 Nxf2+ 43. Kh4 Re4+ 0-1

[Event "Late-Titled-Tuesday-Blitz-October-10-2023"]
[Site "Chess.com"]
[Date "2023.10.10"]
[Round "2"]
[White "The_Straightforward_Rook"]
[Black "alexrustemov"]
[Result "1/2-1/2"]
[WhiteElo "2557"]
[BlackElo "2845"]
[TimeControl "180+1"]
[EndTime "14:16:35 PDT"]
[Termination "Game drawn by agreement"]

1. d4 d5 2. Nf3 Nf6 3. c4 c6 4. cxd5 cxd5 5. Nc3 Nc6 6. Bf4 a6 7.
Ne5 Bd7 8. e3 e6 9. Bd3 Be7 10.
O-O O-O 11. Rc1 Rc8 12. h3 h6 13. a3 Na5 14. Bb1 Nc4 15. Nxc4 dxc4 16. Qc2 Bc6 17.
Rcd1 b5 18. e4 Nh5 19. e5 f5 20. exf6 Nxf6 21. Be5 Rf7 22. Rfe1 Qd7 23. Qg6 Kf8 24. Ne4 Nxe4 25. Bxe4 Bxe4 26. Rxe4 Bf6 27. Rde1 Bxe5 28.
Rxe5 Rf6 29. Qe4 Rd8 30. Rxe6 Rxe6 31. Qxe6 Qxe6 32. Rxe6 Rxd4 33. Rxa6 Rd1+ 34. Kh2 Rd2 35. a4 Rxb2 36. axb5 Rxb5 37. Rc6 Rb4 38. Rc7 Rb2 39. Rxc4 Rxf2 40. Kg3 Rf6 41. Rf4 1/2-1/2

[Event "Late-Titled-Tuesday-Blitz-October-10-2023"]
[Site "Chess.com"]
[Date "2023.10.10"]
[Round "2"]
[White "semchik73"]
[Black "TheBigBoss04"]
[Result "0-1"]
[WhiteElo "2445"]
[BlackElo "2742"]
[TimeControl "180+1"]
[EndTime "14:16:36 PDT"]
[Termination "TheBigBoss04 won by resignation"]

1. Nf3 Nf6 2. c4 c5 3. e3 g6 4. d4 cxd4 5. exd4 Bg7 6. Nc3 d5 7. c5 O-O 8. Be2 Nc6 9. O-O Ne4 10. Qb3 Nxc3 11. bxc3 b6 12. cxb6 axb6 13. Bf4 Ba6 14.
Bxa6 Rxa6 15. Qb5 Nb8 16. Bxb8 Ra5 17. Qb4 Qxb8 18. Qxe7 Qc8 19. Qb4 Qc6 20. Ne5 Qc7 21.
f4 Rc8 22. Rfc1 Bf8 23. Qb3 Bd6 24. Rab1 Ra6 25. Qxd5 Kg7 26. Nxf7 Bxf4 27. Rf1 Ra5 28. Qb3 Bxh2+ 29. Kh1 Rh5 30. Qxb6 Bf4+ 31. Kg1 Be3+ 32. Rf2 Bxf2+ 33. Kxf2 Qxf7+ 34. Kg1 Rf8 35. d5 Qxd5 36. Qc7+ Rf7 37. Qg3 Qc5+ 0-1

[Event "Late-Titled-Tuesday-Blitz-October-10-2023"]
[Site "Chess.com"]
[Date "2023.10.10"]
[Round "2"]
[White "Schwindle"]
[Black "Harsha_Bharathakoti"]
[Result "0-1"]
[WhiteElo "2409"]
[BlackElo "2905"]
[TimeControl "180+1"]
[EndTime "14:16:37 PDT"]
[Termination "Harsha_Bharathakoti won by resignation"]

1. e4 g6 2. d4 Bg7 3. Nc3 d6 4. f4 a6 5. Nf3 b5 6. Bd3 Nd7 7. O-O c5 8. e5 cxd4 9. Nxd4 dxe5 10. fxe5 Nxe5 11. Be4 Ra7 12. Bf4 Rd7 13. Nce2 Qb6 14.
c3 Bb7 15. Qc2 Nc4 16. b3 Na3 17. Qd3 e5 18. Bxb7 Qxb7 19. Bc1 exd4 20. Bxa3 Ne7 21.
Bxe7 Rxe7 22. Nxd4 O-O 23. Rae1 Rd8 24. b4 Red7 25.
Re4 Qb6 26. Rd1 f5 27. Ree1 Bxd4+ 28. cxd4 Qxd4+ 29. Qxd4 Rxd4 30. Rxd4 Rxd4 31. Re6 Rd1+ 32. Kf2 Rd2+ 33. Re2 Rxe2+ 34. Kxe2 Kf7 35. Ke3 Ke6 0-1

[Event "Late-Titled-Tuesday-Blitz-October-10-2023"]
[Site "Chess.com"]
[Date "2023.10.10"]
[Round "2"]
[White "luca_va99"]
[Black "Championnn-9"]
[Result "0-1"]
[WhiteElo "2245"]
[BlackElo "2503"]
[TimeControl "180+1"]
[EndTime "14:16:37 PDT"]
[Termination "Championnn-9 won by resignation"]

1. d4 d5 2. Bf4 Nf6 3. e3 Bf5 4. c4 c6 5. Nc3 e6 6. Qb3 Qc8 7. Nf3 Be7 8. Be2 O-O 9. h3 dxc4 10.
Bxc4 Nd5 11. Bh2 Nxc3 12. bxc3 b5 13. Be2 Nd7 14. a4 a6 15. O-O Nb6 16. a5 Nd5 17. Nd2 Nf6 18. f3 c5 19. e4 Bg6 20. Kh1 Rd8 21. Bg1 Nh5 22. Bf2 Nf4 23. Rfe1 e5 24. d5 c4 25. Qb2 Bc5 26. Bxc5 Qxc5 27. Bf1 Rab8 28. Rab1 Rd6 29. g3 Nd3 30. Bxd3 cxd3 31.
Nf1 Rc8 32. Rbc1 f5 33. Kg2 fxe4 34. fxe4 Rf8 35. Rcd1 Rdf6 36. Rd2 Rxf1 37. Rxf1 Bxe4+ 38. Kh2 Rxf1 0-1

[Event "Late-Titled-Tuesday-Blitz-October-10-2023"]
[Site "Chess.com"]
[Date "2023.10.10"]
[Round "2"]
[White "hansen"]
[Black "AlleyOoper"]
[Result "1-0"]
[WhiteElo "2921"]
[BlackElo "2585"]
[TimeControl "180+1"]
[EndTime "14:16:38 PDT"]
[Termination "hansen won by checkmate"]

1. a3 Nf6 2. d4 d5 3. Nf3 Bf5 4. e3 e6 5. c4 c6 6. Bd3 Bg6 7. Qc2 Nbd7 8. Nbd2 Bd6 9. e4 dxe4 10. Nxe4 Nxe4 11. Bxe4 Nf6 12. Bxg6 hxg6 13. h3 O-O 14. O-O b5 15. Bg5 bxc4 16. Qxc4 Qb6 17. Rab1 Qb5 18.
Rfc1 Rfc8 19. Rc2 Rab8 20. Qa2 Nd5 21. Rbc1 a5 22. Nd2 Qd3 23. Qc4 Qf5 24. Nf3 c5 25. Qa6 Bf4 26. Bxf4 Nxf4 27. Rxc5 Rxc5 28. Rxc5 Qb1+ 29.
Kh2 Qxb2 30. Rc8+ Rxc8 31. Qxc8+ Kh7 32. Ng5+ Kh6 33. Nxf7+ Kh7 34. Qh8# 1-0

[Event "Late-Titled-Tuesday-Blitz-October-10-2023"]
[Site "Chess.com"]
[Date "2023.10.10"]
[Round "2"]
[White "Efremov_Vlad"]
[Black "Angry_Twin"]
[Result "0-1"]
[WhiteElo "2411"]
[BlackElo "2947"]
[TimeControl "180+1"]
[EndTime "14:16:45 PDT"]
[Termination "Angry_Twin won by checkmate"]

1. d4 Nf6 2. c4 e6 3. Bf4 d5 4. Nc3 c6 5. e3 Be7 6. Nf3 O-O 7. h3 Nbd7 8. cxd5 exd5 9. Bd3 Re8 10. Qc2 Nf8 11. O-O-O Ng6 12. Bh2 a5 13. g4 b5 14. g5 Nd7 15. h4 Ngf8 16. Kb1 a4 17. Rdg1 Ba6 18. Ne2 b4 19. Bxa6 Rxa6 20. Qd3 Rb6 21. h5 c5 22. Ne5 Nxe5 23. Bxe5 c4 24. Qf5 Qd7 25. Qf3 c3 26. g6 fxg6 27. hxg6 Rxg6 28.
Rxg6 Nxg6 29. Qh5 Nf8 30. Rg1 g6 31. Qh6 Bd6 32. Bxd6 Qxd6 33. Nf4 Qe7 34. Nh5 cxb2 35. Kxb2 a3+ 36. Ka1 Rc8 37. Nf4 Qc7 38. Qh1 Qc3+ 39. Kb1 Qb2# 0-1

[Event "Late-Titled-Tuesday-Blitz-October-10-2023"]
[Site "Chess.com"]
[Date "2023.10.10"]
[Round "2"]
[White "Grandmaster1369"]
[Black "GoldenShare"]
[Result "1-0"]
[WhiteElo "2768"]
[BlackElo "2529"]
[TimeControl "180+1"]
[EndTime "14:16:46 PDT"]
[Termination "Grandmaster1369 won by resignation"]

1. e4 e6 2. Nc3 c5 3. f4 a6 4. d3 b5 5. g3 Bb7 6. Bg2 b4 7. Nce2 d5 8. Nh3 dxe4 9. O-O Nf6 10. Ng5 Be7 11. Nxe4 Nxe4 12. dxe4 Qxd1 13. Rxd1 Nd7 14. Be3 Nb6 15. b3 O-O 16. Nc1 Rfd8 17. Nd3 Rac8 18. Nxb4 cxb4 19. Bxb6 Rxd1+ 20. Rxd1 Bc6 21. Rd2 h5 22. Bf3 h4 23. Kf2 Bb5 24. Bd4 hxg3+ 25. hxg3 a5 26. Be2 Bc6 27. Ke3 a4 28. Bc4 Rd8 29. Bb6 Rb8 30. Bc7 Rc8 31. Bd6 Bxd6 32. Rxd6 Be8 33. Rb6 e5 34. fxe5 Rd8 35. Rxb4 Rd1 36.
Rb8 Rd8 37. Rxd8 1-0

[Event "Late-Titled-Tuesday-Blitz-October-10-2023"]
[Site "Chess.com"]
[Date "2023.10.10"]
[Round "2"]
[White "WDCH"]
[Black "Necromon"]
[Result "1-0"]
[WhiteElo "2725"]
[BlackElo "2427"]
[TimeControl "180+1"]
[EndTime "14:16:47 PDT"]
[Termination "WDCH won by resignation"]

1. Nc3 c5 2. e4 Nc6 3. Nf3 g6 4. Bc4 Bg7 5. O-O e6 6. d3 Nge7 7. Bd2 O-O 8. Qc1 d5 9. Bb3 Nd4 10. Nxd4 cxd4 11. Ne2 dxe4 12. dxe4 e5 13. Bh6 Qb6 14.
Ng3 Be6 15. Bxg7 Kxg7 16. Qg5 f6 17. Nh5+ Kh8 18. Nxf6 Bxb3 19. Nd7 Qd6 20. Nxf8 Bg8 21. Nd7 Nc6 22. Nf6 Qe7 23. f4 Rf8 24. fxe5 Nxe5 25.
Nxh7 Rxf1+ 26. Rxf1 Qc5 27. Qh6 d3+ 28. Kh1 Ng4 29. Qh4 Qh5 30. Qxh5 gxh5 31. cxd3 Kxh7 32.
h3 Ne3 33. Rc1 Kg6 34. Kg1 Bxa2 35. Kf2 1-0

[Event "Late-Titled-Tuesday-Blitz-October-10-2023"]
[Site "Chess.com"]
[Date "2023.10.10"]
[Round "2"]
[White "martinez_95"]
[Black "Tonychess32"]
[Result "0-1"]
[WhiteElo "2227"]
[BlackElo "2499"]
[TimeControl "180+1"]
[EndTime "14:16:47 PDT"]
[Termination "Tonychess32 won by resignation"]

1. d4 Nf6 2. c4 e6 3. Nc3 d5 4.
Nf3 Be7 5. Bf4 c6 6. e3 O-O 7. h3 Ne4 8. Nxe4 dxe4 9. Nd2 f5 10. g4 Bd6 11. Bxd6 Qxd6 12. gxf5 exf5 13. c5 Qh6 14. Qb3+ Kh8 15. Nc4 f4 16. O-O-O fxe3 17. fxe3 Be6 18.
Qxb7 Nd7 19. Qxc6 Rac8 20. Qd6 Rf6 21. d5 Bf5 22. Qf4 Qxf4 23. exf4 Nxc5 24. Kb1 Nd3 25. Ne3 Nf2 26. Ba6 Rd8 27. Rhf1 Nxd1 28. Rxd1 Bxh3 29.
b4 Rxf4 30. b5 g5 31. a4 Rf3 32. Nc4 Rd3 33. Rxd3 exd3 34. Ne5 Rxd5 0-1

[Event "Late-Titled-Tuesday-Blitz-October-10-2023"]
[Site "Chess.com"]
[Date "2023.10.10"]
[Round "2"]
[White "Arteler"]
[Black "shimastream"]
[Result "0-1"]
[WhiteElo "2613"]
[BlackElo "3004"]
[TimeControl "180+1"]
[EndTime "14:16:48 PDT"]
[Termination "shimastream won by checkmate"]

1. e4 d6 2. d4 c6 3. a4 Qc7 4. Nc3 e5 5. Nge2 Nf6 6. g3 h5 7.
Bg5 Be7 8. Bg2 Nbd7 9. Qd2 Nf8 10. O-O-O Ne6 11. Be3 Ng4 12. f4 Nxe3 13. Qxe3 Bd7 14. Rhf1 h4 15. Kb1 hxg3 16. hxg3 Rh2 17. Qg1 Rh6 18. Qf2 Rf6 19. f5 Nxd4 20. Nxd4 exd4 21.
Qxd4 Qb6 22. Qc4 Qa6 23. Qd4 O-O-O 24. Rh1 Qb6 25. Qc4 Kb8 26. g4 g5 27. Rh7 Be8 28.
Qe2 Bf8 29. e5 Rh6 30. Rxh6 Bxh6 31. exd6 Bf8 32. Qe5 Bd7 33. Ne4 Re8 34. Qc3 Ka8 35. Nf6 Rd8 36. Qe5 a5 37. c4 Bg7 38. Qe7 Ka7 39.
Nxd7 Qxb2# 0-1

[Event "Late-Titled-Tuesday-Blitz-October-10-2023"]
[Site "Chess.com"]
[Date "2023.10.10"]
[Round "2"]
[White "h4parah5"]
[Black "Szczor"]
[Result "1-0"]
[WhiteElo "2938"]
[BlackElo "2596"]
[TimeControl "180+1"]
[EndTime "14:16:49 PDT"]
[Termination "h4parah5 won by resignation"]

1. d4 Nf6 2. Nf3 e6 3. e3 d5 4. Be2 Be7 5. O-O O-O 6. b3 c5 7.
Bb2 Nc6 8. Nbd2 b6 9. a3 Bb7 10. Bd3 Rc8 11. Qe2 Re8 12. Rad1 Bd6 13. Ne5 Qc7 14. f4 Ne7 15. a4 Ne4 16. Nxe4 dxe4 17. Bb5 Red8 18. Bc4 Nd5 19. Bxd5 exd5 20. dxc5 bxc5 21.
c4 f6 22. Ng4 d4 23. exd4 cxd4 24. Bxd4 Bxf4 25. Nxf6+ gxf6 26. Qg4+ Bg5 27. Bxf6 Qc5+ 28. Kh1 Rxd1 29. Rxd1 Rf8 30. Qe6+ Rf7 31. Rd8+ Qf8 32. Rxf8+ Kxf8 33. Qd6+ Kg8 34. Qb8+ Rf8 35. Qxb7 Rxf6 36. h4 Rf1+ 37. Kh2 Bf4+ 38. g3 e3 39. Qc8+ Kg7 40. gxf4 Rxf4 41. Qc7+ Rf7 42. Qe5+ Kf8 43. Qxe3 1-0

[Event "Late-Titled-Tuesday-Blitz-October-10-2023"]
[Site "Chess.com"]
[Date "2023.10.10"]
[Round "2"]
[White "GMG"]
[Black "pirulillo"]
[Result "1-0"]
[WhiteElo "2717"]
[BlackElo "2326"]
[TimeControl "180+1"]
[EndTime "14:16:49 PDT"]
[Termination "GMG won by resignation"]

1. Nf3 Nf6 2. g3 g6 3. c4 Bg7 4.
d4 O-O 5. Bg2 d6 6. Nc3 c6 7. O-O Qa5 8. e4 e5 9. Re1 exd4 10. Nxd4 Nbd7 11. h3 Ne5 12. Bf1 Be6 13. Nxe6 fxe6 14. Be3 Rad8 15. f4 Nf7 16. Qb3 b6 17. Bg2 e5 18. f5 Bh6 19. Bf2 gxf5 20. exf5 d5 21. cxd5 cxd5 22. Rad1 e4 23. Bd4 Bg7 24.
Ne2 Nd6 25. g4 Nc4 26. Nf4 Nh5 27. Bxg7 Nxg7 28. Nxd5 Qc5+ 29. Kh1 Rxd5 30. Rxd5 Qxd5 31. Rxe4 b5 32. Rxc4 Qxc4 33. Bd5+ 1-0

[Event "Late-Titled-Tuesday-Blitz-October-10-2023"]
[Site "Chess.com"]
[Date "2023.10.10"]
[Round "2"]
[White "arminmusovic"]
[Black "AleksandrAleksikov"]
[Result "1-0"]
[WhiteElo "2507"]
[BlackElo "2260"]
[TimeControl "180+1"]
[EndTime "14:16:49 PDT"]
[Termination "arminmusovic won on time"]

1. a3 Nf6 2. c4 g6 3. Nc3 Bg7 4. d4 O-O 5. Bg5 d6 6. e4 c5 7.
dxc5 dxc5 8. Qxd8 Rxd8 9. e5 Ng4 10. Nd5 Nc6 11. f4 f6 12. exf6 exf6 13. Bh4 g5 14.
fxg5 fxg5 15. Bxg5 Bxb2 16. Bxd8 Bxa1 17. Bh4 Bf5 18.
h3 Nge5 19. Be2 Re8 20. Nf6+ Kf7 21. Nxe8 Kxe8 22. Nf3 Ng6 23. Bg5 Nd4 24. Nxd4 Bxd4 25. Kd2 Kd7 26. Be3 Bxe3+ 27. Kxe3 Kc7 28. Rf1 Be6 29. Rf6 Kd7 30. Bd3 Ne5 31. Rh6 Bxc4 32. Rxh7+ Kc6 33. Be4+ Kd6 34. Rxb7 a6 35. Rb6+ Kc7 36.
Rh6 Bf7 37. Rf6 Bb3 38. Rxa6 c4 39. Kd4 Nd7 40. Ra7+ Kd6 41. Rxd7+ 1-0

[Event "Late-Titled-Tuesday-Blitz-October-10-2023"]
[Site "Chess.com"]
[Date "2023.10.10"]
[Round "2"]
[White "dorpato"]
[Black "GiorgianBarbosa"]
[Result "0-1"]
[WhiteElo "2064"]
[BlackElo "2421"]
[TimeControl "180+1"]
[EndTime "14:16:49 PDT"]
[Termination "GiorgianBarbosa won by resignation"]

1. e4 c5 2. Nc3 d6 3. g3 Nc6 4. Bg2 h5 5. d3 h4 6. h3 hxg3 7.
fxg3 g6 8. g4 Bg7 9. Nf3 Nd4 10.
Be3 e6 11. Rb1 Ne7 12. Ne2 Nec6 13. c3 Nxf3+ 14. Bxf3 b6 15. Qd2 Bb7 16. Bg2 Ne5 17. O-O d5 18. exd5 Bxd5 19. Nf4 Bxg2 20. Kxg2 Rc8 21. Qf2 Rc7 22. d4 Nc4 23. dxc5 Nxe3+ 24. Qxe3 Rxc5 25. Rbe1 Re5 26. Qf3 Rxe1 27. Rxe1 Qd2+ 28. Re2 Qd8 29. Rf2 O-O 30. h4 Qxh4 31. Rf1 Qf6 32.
Rh1 Rd8 33. Qh3 Qxf4 34. Qh7+ Kf8 35. Qh4 Rd2+ 36. Kg1 Qe3+ 37. Kf1 Qe2+ 0-1

[Event "Late-Titled-Tuesday-Blitz-October-10-2023"]
[Site "Chess.com"]
[Date "2023.10.10"]
[Round "2"]
[White "KamlaPasand"]
[Black "KejJaj"]
[Result "1-0"]
[WhiteElo "2447"]
[BlackElo "2163"]
[TimeControl "180+1"]
[EndTime "14:16:51 PDT"]
[Termination "KamlaPasand won by resignation"]

1. e4 c5 2. Nf3 d6 3. d4 cxd4 4. Nxd4 Nf6 5. Nc3 g6 6. Be3 Bg7 7. f3 O-O 8. Bc4 Nc6 9. Qd2 Nd7 10. O-O-O Nb6 11. Be2 Be6 12. Kb1 Rc8 13. b3 a5 14.
h4 a4 15. h5 axb3 16. cxb3 Nxd4 17. Bxd4 Bxd4 18. Qxd4 f6 19. hxg6 hxg6 20. Qd2 Kf7 21. Rh7+ Ke8 22. Bb5+ Bd7 23. Rdh1 Bxb5 24. Nxb5 Qd7 25.
Nd4 Kd8 26. Rg7 g5 27. Rhh7 Re8 28. Nf5 Rc7 29. Nxe7 Rxe7 30. Rh8+ Re8 31. Rxd7+ Rxd7 32. Rxe8+ Kxe8 33. Qd4 Nc8 34. Qxf6 g4 35. Qg6+ Kd8 36. Qxg4 Kc7 37. Qh5 Ne7 38. g4 Nc6 39. f4 Nd4 40. Qa5+ b6 41. Qc3+ Nc6 42. g5 b5 43. g6 b4 44. Qc4 Rg7 45. f5 Kb7 46. Qf7+ Rxf7 47. gxf7 1-0

[Event "Late-Titled-Tuesday-Blitz-October-10-2023"]
[Site "Chess.com"]
[Date "2023.10.10"]
[Round "2"]
[White "talaicito"]
[Black "CarlosjPineror"]
[Result "0-1"]
[WhiteElo "2217"]
[BlackElo "2491"]
[TimeControl "180+1"]
[EndTime "14:16:52 PDT"]
[Termination "CarlosjPineror won on time"]

1. d4 Nf6 2. Nc3 d5 3. Bf4 c5 4. e3 a6 5. Nf3 Nc6 6. Ne5 e6 7.
g4 Qa5 8. Qd2 Nxe5 9. dxe5 Nxg4 10. Rg1 Nh6 11. Bh3 Bd7 12. O-O-O O-O-O 13. Kb1 Ng8 14. Bg5 f6 15. Bh4 Kb8 16. exf6 Nxf6 17. Bg3+ Ka7 18.
Be5 Qb6 19. f3 Ne8 20. Ka1 Rg8 21. Qd3 g6 22. Ne2 Bd6 23. Qc3 Be7 24. Nf4 Rf8 25.
a3 Bf6 26. Ka2 d4 27. exd4 Bxe5 0-1

[Event "Late-Titled-Tuesday-Blitz-October-10-2023"]
[Site "Chess.com"]
[Date "2023.10.10"]
[Round "2"]
[White "matagordo"]
[Black "RCone"]
[Result "1-0"]
[WhiteElo "2233"]
[BlackElo "2457"]
[TimeControl "180+1"]
[EndTime "14:16:53 PDT"]
[Termination "matagordo won by checkmate"]

1. d4 d6 2. Bf4 Nd7 3. Nf3 g6 4. e4 Bg7 5. e5 c5 6. exd6 cxd4 7. dxe7 Qxe7+ 8. Be2 d3 9. Qxd3 Bxb2 10. Bd6 Qf6 11.
Nbd2 Bxa1 12. Ne4 Qg7 13. Bb4 Be5 14. Nxe5 Qxe5 15. Nd6+ Qxd6 16. Qxd6 a5 17. Bc3 f6 18. Bb5 Kd8 19. O-O Ra6 20. Bxa6 bxa6 21. Rd1 Ne7 22. Bxf6 Re8 23. Qb6# 1-0

[Event "Late-Titled-Tuesday-Blitz-October-10-2023"]
[Site "Chess.com"]
[Date "2023.10.10"]
[Round "2"]
[White "isainz"]
[Black "ItalianMachine"]
[Result "0-1"]
[WhiteElo "2012"]
[BlackElo "2418"]
[TimeControl "180+1"]
[EndTime "14:16:53 PDT"]
[Termination "ItalianMachine won on time"]

1. e4 e5 2. Nf3 Nc6 3. Bc4 Nf6 4. d3 Be7 5. O-O O-O 6. Re1 d6 7. a4 Be6 8. Bxe6 fxe6 9. a5 a6 10. Nbd2 Qe8 11. c3 Qg6 12. Kh1 Kh8 13. Nf1 Ng4 14. Qe2 Rf7 15. h3 Rxf3 16. Qxf3 Nf6 17. Qg3 Qf7 18. Qf3 Rf8 19. Ng3 Qg6 20. Qe2 h5 21. Nf1 h4 22. Be3 d5 23. exd5 exd5 24. b4 d4 25. cxd4 Bxb4 26. Reb1 exd4 27. Bd2 Bd6 28.
Rxb7 Ne5 29. Rab1 Nxd3 30. Rb8 Rxb8 31. Rxb8+ Kh7 32. Ra8 Ne4 33. f3 Ndf2+ 34. Kg1 Nxh3+ 35. Kh1 Nef2+ 0-1

[Event "Late-Titled-Tuesday-Blitz-October-10-2023"]
[Site "Chess.com"]
[Date "2023.10.10"]
[Round "2"]
[White "Nor1lsk"]
[Black "cthulhuuu"]
[Result "0-1"]
[WhiteElo "2726"]
[BlackElo "2470"]
[TimeControl "180+1"]
[EndTime "14:16:55 PDT"]
[Termination "cthulhuuu won by resignation"]

1. e4 d6 2. d4 Nf6 3. Nc3 c6 4.
Nge2 b5 5. a3 e5 6. g3 Be7 7.
Bg2 O-O 8. O-O Nbd7 9. h3 Bb7 10. g4 a5 11. Ng3 b4 12. axb4 axb4 13. Rxa8 Qxa8 14.
Nce2 Re8 15. Nf5 Bf8 16. Neg3 d5 17. exd5 cxd5 18. Be3 Ne4 19. Nxe4 dxe4 20. c4 exd4 21. Bxd4 g6 22. Ne3 Ne5 23. Bxe5 Rxe5 24. Qa1 Bc5 25. Qxa8+ Bxa8 26. Rd1 Re8 27. Kf1 Bc6 28. Ke2 Kg7 29. Nd5 f5 30. Ra1 Bxd5 31. cxd5 f4 32. f3 exf3+ 33.
Kxf3 g5 34. Bf1 Re3+ 35. Kg2 Rg3+ 36. Kh1 Rg1+ 37. Kh2 f3 38. Rc1 Be3 39. Re1 Bb6 40. d6 f2 41. Rd1 Be3 42. h4 Bf4+ 43. Kh3 Rg3+ 0-1